 Dungeon Crawl Stone Soup version 0.23.2-1-ga50397a (webtiles) character file.

Game seed: 12887997714352556728

1162 Boartato the Cudgeler (level 8, -4/54 HPs)
             Began as a Demonspawn Gladiator on Apr 22, 2019.
             Was a Follower of Hepliaklqana.
             Splashed by Ijyb's acid (15 damage)
             ... on level 5 of the Dungeon on Apr 25, 2019.
             The game lasted 00:31:34 (4363 turns).

Boartato the Cudgeler (Demonspawn Gladiator)        Turns: 4363, Time: 00:31:39

Health: -4/54      AC:  5    Str: 15    XL:     8   Next: 17%
Magic:  8/8        EV: 13    Int: 10    God:    Hepliaklqana [*.....]
Gold:   209        SH:  8    Dex: 18    Spells: 7/7 levels left

rFire    . . .     SeeInvis .   B - +0 morningstar
rCold    . . .     Gourm    .   D - +0 buckler
rNeg     . . .     Faith    .   b - +0 leather armour
rPois    +         Spirit   .   (helmet restricted)
rElec    .         Reflect  +   A - scarf {cloud immunity}
rCorr    .         Harm     .   (no gloves)
MR       .....                  z - +1 pair of boots
Stlth    ++........             o - +4 amulet of reflection
HPRegen  0.18/turn              G - ring of poison resistance
MPRegen  0.11/turn              (no ring)

@: no status effects
A: reduced essence, horns 1, thin skeletal structure 1, powered by pain 1, spiny
1
a: Recall Ancestor, Ancestor Identity, Renounce Religion


You were on level 5 of the Dungeon.
You worshipped Hepliaklqana.
Hepliaklqana was aware of your devotion.
You were not hungry.

You visited 1 branch of the dungeon, and saw 5 of its levels.

You collected 209 gold pieces.

Inventory:

Hand Weapons
 a - a +0 flail
 p - a +2 spear of flaming
 y - a +0 shortbow
 B - a +0 morningstar (weapon)
Missiles
 g - 3 throwing nets (quivered)
 i - 2 javelins of returning
 C - 11 arrows
Armour
 b - a +0 leather armour (worn)
 c - a +0 helmet
 z - a +1 pair of boots (worn)
 A - a scarf of cloud immunity (worn)
 D - a +0 buckler (worn)
Jewellery
 e - an uncursed amulet of regeneration {unknown}
 k - a +4 ring of strength
 o - a +4 amulet of reflection (around neck)
 G - a ring of poison resistance (left hand)
Wands
 d - a wand of flame (32)
Scrolls
 h - a scroll of magic mapping
 j - 2 scrolls of remove curse
 m - a scroll of identify
 q - 5 scrolls of teleportation
 s - a scroll of blinking
 u - a scroll of fog {unknown}
Potions
 l - 2 potions of flight
 n - a potion of invisibility
 r - 2 potions of resistance
 t - 2 potions of heal wounds
 v - a potion of magic
 w - 2 potions of curing
 x - 3 potions of might
 E - 2 potions of haste
Comestibles
 f - 10 rations


   Skills:
 + Level 4.3 Fighting
 * Level 6.7 Maces & Flails
 + Level 4.1 Throwing
 + Level 2.5 Armour
 + Level 3.5 Dodging
 - Level 0.2 Stealth


You had 7 spell levels left.
You didn't know any spells.
Your spell library was empty.

Dungeon Overview and Level Annotations

Branches:
Dungeon (5/15)             Temple (0/1) D:4

Altars:
Cheibriados
Fedhas
Gozag
Hepliaklqana
Nemelex Xobeh
Okawaru
Qazlal
Sif Muna

Annotations:
D:5 Ijyb


Innate Abilities, Weirdness & Mutations

You have a pair of small horns on your head.
You have a somewhat thin skeletal structure. (Dex +2, Stealth)
You sometimes gain a little power by taking damage.
You are partially covered in sharp spines.
Your life essence is reduced to manifest your ancestor. (-10% HP)


Message History

Okay, then.
There is a stone staircase leading up here.
You now have 186 gold pieces (gained 10).
You now have 197 gold pieces (gained 11).
You now have 209 gold pieces (gained 12).
d - a wand of flame (32) (gained 16 charges)
Found 19 stones.
Ijyb the Twisted Goblin comes into view.
She is wearing a +1 chain mail of fire resistance and carrying a wand of acid (9).
Ijyb shouts!
Ijyb zaps a wand.
The bolt of acid hits you!
You are splashed with acid!
Found a ration.
A jelly comes into view.
You block Ijyb's attack.
You hit Ijyb. Your headbutt misses Ijyb.
Ijyb is moderately wounded.
Ijyb screams, "I dance on your bones!"
Ijyb zaps a wand.
The bolt of acid hits you!
* * * LOW HITPOINT WARNING * * *
You are splashed with acid!
You die...

......#.......##........
..#...#.......##........
....#.........#.....#...
.#..#..............##...
........................
#.........#........#.#..
#.......#........#####.
##.....R.##(....### ###.
.......@..#.....#.###...
.......g..#.............
..............#........#
#.....................##
................ #...)..
#......J........##......
##%..............#......
......##.###...........
##........#


You could see the friendly Rui the ancestor, Ijyb and a jelly.

Vanquished Creatures
  Eustachio (D:5)
  Menkaure (D:5)
  An ice beast (D:5)
  A phantom (D:4)
  An ogre (D:4)
  2 centaur skeletons (D:4)
  A hound (D:4)
  A jelly (D:4)
  A bullfrog skeleton (D:5)
  Jessica (D:2)
  A worker ant (D:5)
  4 gnolls (D:3)
  A howler monkey skeleton (D:3)
  3 adders
  A shadow imp (D:5)
  An ooze (D:3)
  2 worms (D:2)
  A dart slug (D:1)
  2 leopard geckos
  4 orcs
  3 bats (D:3)
  7 giant cockroaches
  14 goblins
  9 hobgoblins
  14 jackals
  8 kobolds
  4 quokkas
  2 ball pythons
  10 frilled lizards
  6 rats
108 creatures vanquished.

Vanquished Creatures (collateral kills)
  A sky beast (D:5)
  Blork the orc (D:5)
  An adder skeleton (D:4)
  2 orcs (D:4)
  A jackal (D:4)
6 creatures vanquished.

Vanquished Creatures (others)
  A centaur (D:5)
  An ancestor (D:4)
2 creatures vanquished.

Grand Total: 116 creatures vanquished

Notes
Turn   | Place    | Note
-------+----------+-------------------------------------------
     0 | D:1      | Boartato the Demonspawn Gladiator began the quest for the
                  | Orb.
     0 | D:1      | Reached XP level 1. HP: 16/16 MP: 1/1
   102 | D:1      | Reached skill level 3 in Maces & Flails
   135 | D:1      | Gained mutation: You have a pair of small horns on your
                  | head. [demonic ancestry]
   135 | D:1      | Reached XP level 2. HP: 22/22 MP: 2/2
   791 | D:2      | Found a stormy altar of Qazlal.
  1160 | D:2      | Noticed Jessica
  1168 | D:2      | Killed Jessica
  1168 | D:2      | Gained mutation: You are partially covered in sharp spines.
                  | [demonic ancestry]
  1168 | D:2      | Reached XP level 3. HP: 27/27 MP: 3/3
  1172 | D:2      | Reached skill level 4 in Maces & Flails
  1185 | D:2      | Found a blossoming altar of Fedhas.
  1234 | D:2      | Found a hazy altar of Hepliaklqana.
  1250 | D:2      | Reached skill level 1 in Armour
  1498 | D:2      | Gained mutation: You have a somewhat thin skeletal
                  | structure. (Dex +2, Stealth) [demonic ancestry]
  1498 | D:2      | Reached XP level 4. HP: 28/33 MP: 4/4
  2117 | D:3      | Reached XP level 5. HP: 22/38 MP: 5/5
  2536 | D:3      | Found an opulent altar of Gozag.
  2818 | D:2      | Became a worshipper of Hepliaklqana the Forgotten
  2867 | D:4      | Found a staircase to the Ecumenical Temple.
  2917 | D:4      | Reached skill level 5 in Maces & Flails
  2935 | D:4      | Noticed a phantom
  2965 | D:4      | Killed a phantom
  2965 | D:4      | Gained mutation: You sometimes gain a little power by
                  | taking damage. [demonic ancestry]
  2965 | D:4      | Reached XP level 6. HP: 28/41 MP: 6/6
  3067 | D:4      | Found a snail-covered altar of Cheibriados.
  3171 | D:4      | Found a sparkling altar of Nemelex Xobeh.
  3594 | D:4      | Reached * piety under Hepliaklqana
  3886 | D:5      | Entered Level 5 of the Dungeon
  3895 | D:5      | Reached XP level 7. HP: 46/46 MP: 7/7
  3969 | D:5      | Noticed Menkaure
  3981 | D:5      | Killed Menkaure
  3981 | D:5      | Reached skill level 6 in Maces & Flails
  3985 | D:5      | Found a deep blue altar of Sif Muna.
  4018 | D:5      | Noticed Eustachio
  4046 | D:5      | Killed Eustachio
  4128 | D:5      | Found an iron altar of Okawaru.
  4130 | D:5      | Noticed Blork the orc
  4135 | D:5      | Killed Blork the orc
  4240 | D:5      | Reached XP level 8. HP: 47/54 MP: 8/8
  4359 | D:5      | Noticed Ijyb
  4363 | D:5      | Splashed by Ijyb's acid

Skill      XL: |  1  2  3  4  5  6  7 |
---------------+----------------------+-----
Throwing       | 2 3 4 |  4.1
Maces & Flails | 3 4 5 6 |  6.7
Armour         | 1 2 |  2.5
Fighting       | 3 4 |  4.3
Dodging        | 3 |  3.5
Stealth        | |  0.2

Action                   |  1- 3 |  4- 6 |  7- 9 || total
-------------------------+-------+-------+-------++-------
Melee: Flail             |    89 |    63 |       ||   152
       Headbutt          |     7 |    28 |     5 ||    40
       Morningstar       |       |    56 |    33 ||    89
Throw: Throwing net      |     1 |       |     6 ||     7
Invok: Ancestor Identity |       |     1 |       ||     1
  Use: Potion            |       |     2 |       ||     2
       Scroll            |       |    17 |       ||    17
 Stab: Sleeping          |       |     4 |     1 ||     5
       Distracted        |       |       |     3 ||     3
  Eat: Chunk             |     2 |     8 |     1 ||    11
Armor: Leather armour    |    19 |    13 |     3 ||    35
Dodge: Dodged            |    52 |    64 |     6 ||   122
Block: Buckler           |       |     4 |    15 ||    19
       Reflection        |       |       |     2 ||     2
